[Event "Titled Tuesday Blitz December 06 Late 2022"]
[White "Sjugirov, Sanan"]
[Black "Javakhadze, Zurab"]
[WhiteFideId "4189302"]
[BlackFideId "13603647"]
[WhiteElo "2613"]
[BlackElo "2381"]
[Result "1-0"]
[Round "05"]
[TimeControl "180+1"]
[Date "2022.12.06"]
[WhiteClock "0:01:05"]
[BlackClock "0:00:24"]

1. e4 e5 2. Nf3 Nc6 3. Bb5 a6 4. Ba4 Nf6 5. O-O Be7 6. Re1 b5 7. Bb3 d6 8. c3 O-O 9. h3 Nb8 10. d4 Nbd7 11. Nbd2 Bb7 12. Bc2 Re8 13. Nf1 Bf8 14. Bg5 h6 15. Bh4 Qc8 16. dxe5 dxe5 17. a4 Re6 18. Qe2 Nh5 19. Ne3 Nf4 20. Qf1 Nc5 21. Nd5 bxa4 22. Bg3 Nxd5 23. exd5 Bxd5 24. Bf5 Qb7 25. Bxe6 Nxe6 26. Nxe5 Qxb2 27. Qd3 Bb3 28. Qf3 f6 29. Qxa8 fxe5 30. Bxe5 a3 31. Qxa6 1-0


[Site "https://www.chess.com"]

[Event "Titled Tuesday Blitz December 06 Late 2022"]
[White "Stanisz, Patryk"]
[Black "Rubio Tent, Francisco"]
[WhiteFideId "1123106"]
[BlackFideId "2238233"]
[WhiteElo "2069"]
[BlackElo "2211"]
[Result "1-0"]
[Round "05"]
[TimeControl "180+1"]
[Date "2022.12.07"]
[WhiteClock "0:00:11"]
[BlackClock "0:00:08"]

1. e4 c6 2. d4 d5 3. e5 Bf5 4. h4 h5 5. Bg5 Qb6 6. Bd3 Bxd3 7. Qxd3 e6 8. Nc3 Ne7 9. Nf3 Nf5 10. O-O Nd7 11. a4 a6 12. a5 Qc7 13. Rfe1 Bb4 14. Bd2 Be7 15. g3 O-O 16. Na4 Rac8 17. b4 Rfe8 18. Rac1 Qd8 19. Ng5 Nf8 20. c3 Ng6 21. Qe2 Ngxh4 22. gxh4 Nxh4 23. Nf3 Nf5 24. Kh1 g6 25. Rg1 Kg7 26. Ng5 Rh8 27. Nc5 Bxc5 28. bxc5 h4 29. Nh3 Rh5 30. Rb1 Rb8 31. Qg4 Kf8 32. Nf4 Rh8 33. Nxg6+ fxg6 34. Qxg6 Qe7 35. Bg5 Qf7 36. Qf6 Qxf6 37. Bxf6 Rh7 38. Kh2 Kf7 39. Kh3 Rg8 40. f4 Rg3+ 41. Kh2 Rh6 42. Rxb7+ Kg6 43. Rgb1 Kh5 44. Rf7 Kg4 45. Rbb7 Kf3 46. Rg7 Rxg7 47. Rxg7 h3 48. Rg6 Rh5 49. Rg8 Ne3 50. Rg1 Nf1+ 51. Rxf1+ Ke2 52. Rg1 Kf2 53. Rg3 Kf1 54. Rxh3 Kf2 55. Rxh5 Ke3 56. Rg5 Kd3 57. Kh3 Kxc3 58. Kg4 Kxd4 59. f5 Kxc5 60. fxe6 Kc4 61. e7 1-0


[Site "https://www.chess.com"]

[Event "Titled Tuesday Blitz December 06 Late 2022"]
[White "Taboas Rodriguez, Daniel"]
[Black "Perez Leiva, Jerzy Jesus"]
[WhiteFideId "2208466"]
[BlackFideId "3524337"]
[WhiteElo "2329"]
[BlackElo "2289"]
[Result "0-1"]
[Round "05"]
[TimeControl "180+1"]
[Date "2022.12.07"]
[WhiteClock "0:00:44"]
[BlackClock "0:01:41"]

1. d4 Nf6 2. Nf3 d5 3. c4 c6 4. cxd5 Nxd5 5. e4 Nb6 6. Nc3 Bg4 7. Bg5 Qd6 8. e5 Qb4 9. Qd2 Nc4 10. Bxc4 Qxc4 11. O-O-O e6 12. Kb1 Na6 13. Rc1 Nb4 14. a3 a5 15. axb4 Bf5+ 16. Rc2 axb4 17. Re1 b3 18. Ne4 Ra1+ 19. Kxa1 Qa4+ 20. Kb1 Qa2+ 21. Kc1 Qa1# 0-1


[Site "https://www.chess.com"]

[Event "Titled Tuesday Blitz December 06 Late 2022"]
[White "Tang, Andrew"]
[Black "Jobava, Baadur"]
[WhiteFideId "2059630"]
[BlackFideId "13601520"]
[WhiteElo "2582"]
[BlackElo "2582"]
[Result "0-1"]
[Round "05"]
[TimeControl "180+1"]
[Date "2022.12.06"]
[WhiteClock "0:00:04"]
[BlackClock "0:00:08"]

1. d4 Nf6 2. c4 c5 3. d5 g6 4. Nc3 d6 5. e4 Bg7 6. Nge2 O-O 7. Ng3 a6 8. a4 e5 9. Be2 a5 10. O-O Na6 11. Bg5 h6 12. Be3 Nb4 13. Qd2 h5 14. f4 exf4 15. Bxf4 h4 16. Nh1 Nh7 17. Nb5 Ra6 18. Nf2 Re8 19. Rae1 Be5 20. Bh6 Bd7 21. Ng4 Bxg4 22. Bxg4 Qe7 23. Rf3 Bg7 24. Ref1 Bxh6 25. Qxh6 Qg5 26. Qxg5 Nxg5 27. Nc7 Rxe4 28. Nxa6 Rxg4 29. Nxb4 Nxf3+ 30. Rxf3 axb4 31. b3 Kf8 32. Re3 Rd4 33. g3 hxg3 34. hxg3 Rd2 35. Kf1 Rc2 36. Ke1 Rc3 37. Rxc3 bxc3 38. Kd1 f5 39. Kc2 g5 40. Kxc3 Ke7 41. a5 Kf6 42. Kd3 Ke5 43. Ke3 g4 44. Kd3 f4 45. gxf4+ Kxf4 46. b4 g3 47. Ke2 cxb4 48. c5 g2 49. Kf2 g1=Q+ 50. Kxg1 b3 51. cxd6 b2 52. d7 b1=Q+ 53. Kf2 Qc2+ 0-1


[Site "https://www.chess.com"]

[Event "Titled Tuesday Blitz December 06 Late 2022"]
[White "Timmermans, Mark"]
[Black "Shohat, Yotam"]
[WhiteFideId "1026399"]
[BlackFideId "2813955"]
[WhiteElo "2460"]
[BlackElo "2216"]
[Result "1-0"]
[Round "05"]
[TimeControl "180+1"]
[Date "2022.12.07"]
[WhiteClock "0:00:43"]
[BlackClock "0:00:02"]

1. b4 g6 2. Bb2 Nf6 3. c4 Bg7 4. a4 O-O 5. b5 d6 6. e3 e5 7. Nc3 Nbd7 8. Nf3 e4 9. Nd4 Nc5 10. Be2 h5 11. O-O Bg4 12. f3 exf3 13. Nxf3 d5 14. Ba3 b6 15. d4 Nce4 16. Nxe4 Nxe4 17. Bxf8 Qxf8 18. Rc1 Bh6 19. Qd3 Re8 20. cxd5 Qd6 21. Ne5 Bxe2 22. Qxe2 Qxd5 23. Rxc7 Nd6 24. Qf3 Qxf3 25. Rxf3 Nf5 26. Kf2 Bxe3+ 27. Rxe3 Nxe3 28. Kxe3 f6 29. Ke4 fxe5 30. dxe5 Ra8 31. e6 a6 32. Ke5 axb5 33. axb5 Ra2 34. Kf6 Rf2+ 35. Kxg6 Rxg2+ 36. Kxh5 Kf8 37. Rc6 Rxh2+ 38. Kg6 Ke7 39. Rxb6 Re2 40. Kf5 Rf2+ 41. Ke5 Re2+ 42. Kd5 Rd2+ 43. Kc6 Kxe6 44. Kb7+ Kd7 45. Rc6 Rh2 46. b6 Kd8 47. Rc8+ Kd7 48. Rc1 Rh8 49. Rd1+ Ke6 50. Ka7 Rh2 51. b7 Ra2+ 52. Kb8 Rb2 53. Ra1 Kd7 54. Ka7 1-0


[Site "https://www.chess.com"]

[Event "Titled Tuesday Blitz December 06 Late 2022"]
[White "Tirelli, Mauro"]
[Black "Ferriz Barrios, Andres"]
[WhiteFideId "845353"]
[BlackFideId "5104467"]
[WhiteElo "2152"]
[BlackElo "2215"]
[Result "0-1"]
[Round "05"]
[TimeControl "180+1"]
[Date "2022.12.07"]
[WhiteClock "0:00:01"]
[BlackClock "0:01:10"]

1. d4 Nf6 2. c4 e5 3. dxe5 Ng4 4. e3 Nxe5 5. f4 Ng6 6. Nh3 c6 7. Nc3 Bb4 8. Bd2 Qe7 9. Qf3 O-O 10. a3 Bc5 11. Bd3 Na6 12. O-O Nc7 13. Rae1 d5 14. b4 dxc4 15. Bxc4 Bb6 16. Kh1 Nh4 17. Qg3 Nf5 18. Qg5 Qxg5 19. Nxg5 h6 20. Nf3 Be6 21. Ne5 f6 22. Bxe6+ Nxe6 23. Nd7 Rfd8 24. Nxb6 axb6 25. g4 Nh4 26. Bc1 Nc7 27. Rd1 Ng6 28. Rxd8+ Rxd8 29. Rd1 Rxd1+ 30. Nxd1 Ne7 31. Kg2 Kf7 32. Kf3 Ke6 33. Nc3 Ned5 34. Bb2 Nxc3 35. Bxc3 Nb5 36. Bb2 g6 37. e4 f5 38. exf5+ gxf5 39. g5 hxg5 40. fxg5 Nd6 41. h4 Kf7 42. Kf4 Kg6 43. a4 b5 44. a5 Nc4 45. Bd4 Nd6 46. Ke5 Nc4+ 47. Ke6 f4 48. Kd7 f3 49. Kc8 Nd6+ 50. Kc7 Ne4 51. Kxb7 c5 52. bxc5 b4 53. a6 b3 54. a7 f2 55. a8=Q f1=Q 56. Qg8+ Kh5 57. Qh7+ Kg4 58. Qxe4+ Kh5 59. Qh7+ Kg4 60. Qe4+ Kh5 61. Qd5 Qb5+ 62. Kc7 b2 63. Bxb2 Qxb2 64. c6 Qg7+ 65. Qd7 Qe5+ 66. Kc8 Qh8+ 67. Kb7 Qb2+ 68. Kc8 Qh8+ 69. Qd8 Qa1 70. c7 Qa8+ 71. Kd7 Qd5+ 72. Ke7 Qe5+ 73. Kf8 Qh8+ 74. Ke7 Qe5+ 75. Kf7 Qf5+ 76. Kg7 Qg6+ 77. Kh8 Qb1 78. c8=Q Qb2+ 0-1


[Site "https://www.chess.com"]

[Event "Titled Tuesday Blitz December 06 Late 2022"]
[White "Tomaszewski, Kacper"]
[Black "Mendez Fortes, Eduardo Jesus"]
[WhiteFideId "1127373"]
[BlackFideId "3502376"]
[WhiteElo "2211"]
[BlackElo "2307"]
[Result "0-1"]
[Round "05"]
[TimeControl "180+1"]
[Date "2022.12.07"]
[WhiteClock "0:00:01"]
[BlackClock "0:00:21"]

1. Nf3 d5 2. c4 e6 3. d4 Nf6 4. Nc3 Bb4 5. cxd5 exd5 6. Bg5 h6 7. Bxf6 Qxf6 8. Qa4+ Nc6 9. e3 O-O 10. Bb5 Bf5 11. O-O Bxc3 12. bxc3 Ne7 13. Ne5 c6 14. Be2 Qd6 15. c4 f6 16. c5 Qc7 17. Nf3 a6 18. Qb4 Rae8 19. Nd2 Bc8 20. Nb3 Nf5 21. Na5 Re7 22. Rfb1 Qd8 23. Rb2 Qe8 24. Bg4 Qg6 25. Bxf5 Qxf5 26. Rab1 Rff7 27. Qb6 Qe6 28. Qd8+ Re8 29. Qb6 f5 30. Qa7 Ree7 31. Qb8 Kh7 32. Nxb7 f4 33. Nd8 Qg6 34. Qxc8 Rf8 35. Qxc6 Rf6 36. Qxd5 fxe3 37. fxe3 Rxe3 38. Rf1 Rxf1+ 39. Kxf1 Qd3+ 40. Kf2 Re8 41. Qf3 Qxd4+ 42. Kg3 Re3 0-1


[Site "https://www.chess.com"]

[Event "Titled Tuesday Blitz December 06 Late 2022"]
[White "Van Foreest, Lucas"]
[Black "Keymer, Vincent"]
[WhiteFideId "1039792"]
[BlackFideId "12940690"]
[WhiteElo "2509"]
[BlackElo "2600"]
[Result "1-0"]
[Round "05"]
[TimeControl "180+1"]
[Date "2022.12.06"]
[WhiteClock "0:00:15"]
[BlackClock "0:00:05"]

1. e4 c6 2. Qg4 d5 3. Qh4 dxe4 4. Nc3 Nf6 5. d3 exd3 6. Bxd3 Nbd7 7. Bg5 e6 8. O-O-O Be7 9. Nf3 Qa5 10. Kb1 h6 11. Rhe1 O-O 12. Bxh6 gxh6 13. g4 Kg7 14. g5 Ng8 15. Rg1 Qb4 16. gxh6+ Kh8 17. Rg7 Ngf6 18. Qg5 Qg4 19. Rh7+ Nxh7 20. Qxg4 Rg8 21. Qd4+ Bf6 22. Qe4 Ndf8 23. Ne5 Bxe5 24. Qxe5+ f6 25. Qc7 e5 26. Bxh7 Nxh7 27. Rd8 Be6 28. Qg7# 1-0


[Site "https://www.chess.com"]

[Event "Titled Tuesday Blitz December 06 Late 2022"]
[White "Vargas, Mauricio"]
[Black "Fernandez Siles, Luis"]
[WhiteFideId "4404572"]
[BlackFideId "2209420"]
[WhiteElo "2025"]
[BlackElo "2186"]
[Result "0-1"]
[Round "05"]
[TimeControl "180+1"]
[Date "2022.12.07"]
[WhiteClock "0:00:04"]
[BlackClock "0:01:06"]

1. e4 c5 2. Nf3 Nc6 3. d4 cxd4 4. Nxd4 Nf6 5. Nc3 e5 6. Nf5 d5 7. Ng3 d4 8. Nb1 Be7 9. Bc4 O-O 10. O-O Qb6 11. Kh1 Bg4 12. f3 Be6 13. Nd2 Rac8 14. Bb3 Na5 15. Bxe6 fxe6 16. b3 Rc6 17. Bb2 Rfc8 18. Rc1 Qc7 19. c4 dxc3 20. Bxc3 Rxc3 21. Rb1 Rd8 0-1


[Site "https://www.chess.com"]

[Event "Titled Tuesday Blitz December 06 Late 2022"]
[White "Vlassov, Nikolai"]
[Black "Milikow, Yoav"]
[WhiteFideId "4103360"]
[BlackFideId "2822237"]
[WhiteElo "2324"]
[BlackElo "2416"]
[Result "1-0"]
[Round "05"]
[TimeControl "180+1"]
[Date "2022.12.06"]
[WhiteClock "0:00:05"]
[BlackClock "0:00:07"]

1. e4 e6 2. c4 c5 3. Nc3 Nc6 4. Nf3 g6 5. d4 cxd4 6. Nxd4 Bg7 7. Be3 Nge7 8. Be2 O-O 9. O-O f5 10. exf5 Bxd4 11. Bxd4 Nxf5 12. Bc5 d6 13. Ba3 a6 14. Bg4 Nfd4 15. Ne4 Rf4 16. Nxd6 Qg5 17. Bh3 Rf3 18. Kh1 Rxh3 19. gxh3 b5 20. cxb5 axb5 21. Nxc8 Rxc8 22. b3 Rf8 23. Qg4 Qd5+ 24. Qg2 Rf3 25. Bb2 Qf5 26. Rae1 e5 27. Re3 e4 28. Rxf3 exf3 29. Qg4 Qd3 30. Re1 Qd2 31. Re8+ Kg7 32. Bxd4+ Nxd4 33. Qg1 Kf7 34. Re3 Kg8 35. Qf1 Nf5 36. Rxf3 Qd5 37. Qe2 Kg7 38. Kg1 Nd4 39. Qe7+ Kh6 40. Qf8+ Kh5 41. Rf4 Ne2+ 42. Kf1 Qd1+ 43. Kg2 Qg1+ 44. Kf3 Nc3 45. Rh4+ Kg5 46. Qf4# 1-0


[Site "https://www.chess.com"]

[Event "Titled Tuesday Blitz December 06 Late 2022"]
[White "Walentukiewicz, Michal"]
[Black "Osmonbekov, Talaibek"]
[WhiteFideId "1126903"]
[BlackFideId "2017253"]
[WhiteElo "2028"]
[BlackElo "2135"]
[Result "0-1"]
[Round "05"]
[TimeControl "180+1"]
[Date "2022.12.07"]
[WhiteClock "0:02:09"]
[BlackClock "0:00:17"]

1. g3 e5 2. Bg2 d6 3. c4 f5 4. Nc3 Nf6 5. d3 Be7 6. Nf3 O-O 7. O-O Qe8 8. Bg5 Qg6 9. Bxf6 Bxf6 10. Nd5 Bd8 11. b4 c6 12. Nc3 Nd7 13. b5 Nc5 14. bxc6 bxc6 15. Nh4 Bxh4 16. gxh4 Bd7 17. Kh1 Qf6 18. Na4 Ne6 19. e3 f4 20. Qf3 Qxh4 21. Rab1 Ng5 22. Qd1 f3 23. Rg1 fxg2+ 24. Rxg2 Rxf2 25. Qg1 Rxg2 26. Qxg2 Bg4 27. Rf1 e4 28. Qg3 Bf3+ 29. Rxf3 Nxf3 30. Qxd6 Qf2 0-1


[Site "https://www.chess.com"]

[Event "Titled Tuesday Blitz December 06 Late 2022"]
[White "Winterberg, Lukas"]
[Black "Darini, Pouria"]
[WhiteFideId "24622702"]
[BlackFideId "12502200"]
[WhiteElo "2350"]
[BlackElo "2482"]
[Result "1-0"]
[Round "05"]
[TimeControl "180+1"]
[Date "2022.12.07"]
[WhiteClock "0:00:36"]
[BlackClock "0:00:06"]

1. Nf3 d5 2. d4 Nf6 3. c4 e6 4. Nc3 c5 5. cxd5 Nxd5 6. e4 Nxc3 7. bxc3 cxd4 8. cxd4 Bb4+ 9. Bd2 Bxd2+ 10. Qxd2 O-O 11. Bc4 b6 12. d5 Ba6 13. Bxa6 Nxa6 14. dxe6 fxe6 15. Qe2 Nc5 16. O-O Rf4 17. e5 Qd3 18. Qxd3 Nxd3 19. Rfd1 Rd8 20. Rd2 Rd5 21. Rad1 Nxe5 22. Ng5 Rg4 23. f4 Rxf4 24. Rxd5 exd5 25. Rxd5 Rf5 26. Rd8+ Rf8 27. Rxf8+ Kxf8 28. Nxh7+ Ke7 29. Kf2 Kd6 30. Ng5 Kd5 31. h4 Kc4 32. Ne6 g6 33. Ke3 Kb4 34. Ke4 Nc4 35. Nf4 Ka3 36. Nxg6 Kxa2 37. h5 b5 38. h6 b4 39. Kd5 1-0


[Site "https://www.chess.com"]

[Event "Titled Tuesday Blitz December 06 Late 2022"]
[White "Xu, Grant"]
[Black "Pultinevicius, Paulius"]
[WhiteFideId "2052318"]
[BlackFideId "12809390"]
[WhiteElo "2186"]
[BlackElo "2486"]
[Result "0-1"]
[Round "05"]
[TimeControl "180+1"]
[Date "2022.12.06"]
[WhiteClock "0:00:06"]
[BlackClock "0:00:07"]

1. e4 g6 2. d4 Bg7 3. Nc3 a6 4. a4 d6 5. Be3 Nc6 6. Nf3 Bg4 7. Be2 e5 8. d5 Bxf3 9. Bxf3 Nd4 10. Bxd4 exd4 11. Ne2 Qf6 12. Ra3 Ne7 13. Rb3 Rb8 14. O-O O-O 15. Qd2 c6 16. Rd1 cxd5 17. exd5 Rfc8 18. Nxd4 Qxd4 19. Qxd4 Bxd4 20. Rxd4 Rxc2 21. g4 b5 22. axb5 axb5 23. Re3 Kf8 24. b3 g5 25. Be4 Rc1+ 26. Kg2 h6 27. Rf3 Kg7 28. Rb4 Rc5 29. Rd4 b4 30. Re3 Ng8 31. Bf3 Nf6 32. Red3 Rbb5 33. h3 Nd7 34. Re3 Nf6 35. Red3 Kf8 36. Kg3 Rc3 37. Kg2 Rxd3 38. Rxd3 Nd7 39. Re3 Ne5 40. Re4 Rb6 41. Rd4 Kg7 42. Be2 Kf6 43. Kg3 Rb8 44. h4 Rb7 45. hxg5+ hxg5 46. f4 gxf4+ 47. Kxf4 Ng6+ 48. Kf3 Ke5 49. Re4+ Kxd5 50. Bc4+ Kc5 51. Re8 Ne5+ 52. Ke3 Rc7 53. Be2 Kd5 54. Kd2 Kd4 55. Rb8 Nc6 56. Rb6 Kc5 57. Rb5+ Kd4 58. g5 d5 59. Bf3 Rd7 60. Rb6 Kc5 61. Ra6 Nd4 62. Bd1 Re7 63. Rf6 Ne6 64. g6 fxg6 65. Rxg6 Nd4 66. Rg8 Rh7 67. Rc8+ Kd6 68. Rb8 Nc6 69. Rg8 Rh2+ 70. Ke3 Kc5 71. Rc8 Kd6 72. Rg8 Rb2 73. Rg6+ Kc5 74. Rg4 Ne5 75. Rg5 Nf7 76. Rh5 Nd6 77. Rg5 Nb5 78. Kd3 Nc3 79. Bc2 Ra2 80. Rh5 Ne4 81. Rh8 Nf2+ 82. Kd2 Ne4+ 83. Kd3 Kd6 84. Rd8+ Ke5 85. Rb8 Nc5+ 86. Kd2 Nxb3+ 87. Kd1 Nd4 88. Bd3 b3 89. Kc1 Kf4 90. Re8 Rf2 91. Kb1 Rd2 92. Bg6 Nb5 93. Rc8 Na3+ 94. Kc1 Rf2 95. Rc3 b2+ 96. Kd1 b1=Q+ 97. Bxb1 Nxb1 98. Rd3 Ke4 99. Rb3 Nd2 100. Rb4+ Nc4 101. Rb8 Kd4 102. Rh8 Rd2+ 103. Kc1 Rd3 104. Rh4+ Kc3 105. Rh2 Ne3 106. Ra2 Rd1# 0-1


[Site "https://www.chess.com"]

[Event "Titled Tuesday Blitz December 06 Late 2022"]
[White "Yoo, Christopher Woojin"]
[Black "Koellner, Ruben Gideon"]
[WhiteFideId "30909694"]
[BlackFideId "12993093"]
[WhiteElo "2463"]
[BlackElo "2303"]
[Result "1-0"]
[Round "05"]
[TimeControl "180+1"]
[Date "2022.12.06"]
[WhiteClock "0:01:29"]
[BlackClock "0:01:34"]

1. Nf3 Nf6 2. c4 e6 3. Nc3 d5 4. e3 Be7 5. b3 O-O 6. Bb2 c5 7. cxd5 Nxd5 8. Qc2 Nxc3 9. Bxc3 Nc6 10. h4 h6 11. h5 Bf6 12. Be2 Nb4 13. Qb2 Nd5 14. Bxf6 Qxf6 15. Qxf6 gxf6 16. d4 cxd4 17. Nxd4 Bd7 18. Bf3 Bc6 19. Nxc6 bxc6 20. O-O-O a5 21. Rh4 Rfb8 22. Rc4 a4 23. bxa4 Rb4 24. Bxd5 1-0


[Site "https://www.chess.com"]

[Event "Titled Tuesday Blitz December 06 Late 2022"]
[White "Yurasova, Daria"]
[Black "Slovineanu"]
[WhiteFideId "34146919"]
[WhiteElo "2098"]
[BlackElo "2288"]
[Result "1-0"]
[Round "05"]
[TimeControl "180+1"]
[Date "2022.12.07"]
[WhiteClock "0:00:19"]
[BlackClock "0:00:01"]

1. d4 Nf6 2. Bg5 Ne4 3. Bf4 d5 4. Nd2 Bf5 5. Ngf3 e6 6. e3 Nd7 7. Bd3 Nxd2 8. Qxd2 Bxd3 9. Qxd3 c6 10. O-O Be7 11. c4 O-O 12. Rfd1 Nf6 13. c5 a5 14. a3 a4 15. Qc3 b6 16. cxb6 Qxb6 17. Ne5 Rfc8 18. Rac1 c5 19. dxc5 Rxc5 20. Qd2 Ne4 21. Qe2 Rac8 22. Rxc5 Qxc5 23. f3 Nf6 24. Qa6 Rb8 25. Nc6 Rxb2 26. Nxe7+ Qxe7 27. Bd6 Qb7 28. Qxa4 h5 29. Be5 Rb1 30. Bxf6 gxf6 31. Rxb1 Qxb1+ 32. Kf2 Qc1 33. Qb4 e5 34. a4 Qa1 35. a5 d4 36. exd4 exd4 37. Ke2 Qa2+ 38. Kd3 Qxg2 39. Kxd4 Qxf3 40. Kc5 Qe3+ 41. Kc6 Qf3+ 42. Kb6 Qe3+ 43. Qc5 Qb3+ 44. Kc7 Qa2 45. Qb6 f5 46. a6 f4 47. a7 Qc4+ 48. Kd6 Qd3+ 49. Ke5 1-0


[Site "https://www.chess.com"]

[Event "Titled Tuesday Blitz December 06 Late 2022"]
[White "Zhigalko, Sergei"]
[Black "Popilski, Gil"]
[WhiteFideId "13502956"]
[BlackFideId "2809060"]
[WhiteElo "2662"]
[BlackElo "2537"]
[Result "1-0"]
[Round "05"]
[TimeControl "180+1"]
[Date "2022.12.06"]
[WhiteClock "0:00:31"]
[BlackClock "0:00:21"]

1. e4 e5 2. Nf3 Nf6 3. d4 Nxe4 4. Bd3 d5 5. Nxe5 Nd7 6. Nxd7 Bxd7 7. O-O Qh4 8. Nc3 O-O-O 9. g3 Nxc3 10. bxc3 Qf6 11. Rb1 Bd6 12. Be3 h5 13. h4 Rde8 14. Bg5 Qe6 15. Qf3 f6 16. Bd2 g5 17. Rfe1 Qh3 18. Qxd5 gxh4 19. Qxb7+ Kd8 20. Qf3 hxg3 21. Rb8+ Bc8 22. Rxc8+ Kxc8 23. Qa8+ Kd7 24. Bb5+ c6 25. Qxc6+ Kd8 26. Qxd6+ Kc8 27. Ba6# 1-0


[Site "https://www.chess.com"]

[Event "Titled Tuesday Blitz December 06 Late 2022"]
[White "Zhu, Jiner"]
[Black "Bryant, Todd"]
[WhiteFideId "8608059"]
[BlackFideId "2031299"]
[WhiteElo "2384"]
[BlackElo "2322"]
[Result "1-0"]
[Round "05"]
[TimeControl "180+1"]
[Date "2022.12.07"]
[WhiteClock "0:00:22"]
[BlackClock "0:00:02"]

1. d4 Nf6 2. Nc3 d5 3. Nf3 g6 4. Bf4 Bg7 5. e3 O-O 6. h3 c5 7. dxc5 Nbd7 8. Nxd5 Nxd5 9. Qxd5 Bxb2 10. Rd1 Qa5+ 11. Nd2 Nf6 12. Qb3 Bc3 13. Bd3 Rd8 14. Ke2 Bxd2 15. Rxd2 Ne4 16. Rhd1 Nxd2 17. Rxd2 Be6 18. Qxb7 Qxc5 19. Kf1 Bc4 20. Qb2 Bxd3+ 21. cxd3 Rac8 22. Ke2 f6 23. Qb3+ Kg7 24. h4 e5 25. Bg3 e4 26. dxe4 Rxd2+ 27. Kxd2 Qc1+ 28. Ke2 Rc2+ 29. Kf3 Qd1+ 30. Kf4 g5+ 31. hxg5 fxg5+ 32. Kxg5 Qd8+ 33. Kg4 Qd7+ 34. Kf3 Qf7+ 35. Bf4 Qxb3 36. axb3 Ra2 37. Bd6 a5 38. Bc7 Ra3 39. e5 Kf7 40. Ke4 Ke6 41. f4 Rxb3 42. Bxa5 Ra3 43. f5+ Kd7 44. Bb6 Ra5 45. Bd4 Ra4 46. g4 Ke7 47. g5 Kf7 48. e6+ Ke7 49. Kd5 Ra5+ 50. Bc5+ Ke8 51. e4 Ra6 52. f6 h6 53. f7+ Kd8 54. f8=Q+ 1-0


[Site "https://www.chess.com"]

[Event "Titled Tuesday Blitz December 06 Late 2022"]
[White "Zierk, Steven"]
[Black "Suder, Jakub"]
[WhiteFideId "2034255"]
[BlackFideId "1195310"]
[WhiteElo "2494"]
[BlackElo "2245"]
[Result "1-0"]
[Round "05"]
[TimeControl "180+1"]
[Date "2022.12.06"]
[WhiteClock "0:01:45"]
[BlackClock "0:01:20"]

1. e4 c5 2. Nf3 e6 3. c3 Nf6 4. e5 Nd5 5. d4 cxd4 6. cxd4 d6 7. Bc4 Nb6 8. Bb3 dxe5 9. Nxe5 Nc6 10. Nxc6 bxc6 11. O-O c5 12. Be3 c4 13. Bxc4 Nxc4 14. Qa4+ Qd7 15. Qxc4 Bb7 16. Nc3 Be7 17. Rfd1 Bf6 18. d5 Rc8 19. Qg4 exd5 20. Qxd7+ Kxd7 21. Nxd5 Bxd5 22. Rxd5+ Ke6 23. Rd2 Rhd8 24. Re2 Kf5 25. Bxa7 Ra8 26. Bc5 Rxa2 27. g4+ Kxg4 28. Rxa2 1-0


[Site "https://www.chess.com"]

[Event "Titled Tuesday Blitz December 06 Late 2022"]
[White "monkins"]
[Black "Meunier, Clement"]
[BlackFideId "20667930"]
[WhiteElo "2231"]
[BlackElo "2233"]
[Result "0-1"]
[Round "05"]
[TimeControl "180+1"]
[Date "2022.12.07"]
[WhiteClock "0:00:24"]
[BlackClock "0:00:10"]

1. Nf3 Nf6 2. g3 b5 3. Bg2 Bb7 4. O-O e6 5. d3 d5 6. c4 a6 7. Nbd2 Be7 8. Rb1 O-O 9. b3 c5 10. cxd5 Nxd5 11. Bb2 Bf6 12. Qc1 Nd7 13. a3 Rc8 14. Ne4 Bxb2 15. Qxb2 Qe7 16. Rbc1 Rc7 17. Rc2 Rfc8 18. Rfc1 h6 19. Ne5 N7f6 20. Nxf6+ Qxf6 21. Nf3 Qxb2 22. Rxb2 b4 23. Rbc2 a5 24. Ne5 Nc3 25. Nc4 Bxg2 26. Kxg2 Ra8 27. Kf3 Nb5 28. Ke3 bxa3 29. Ra2 a4 30. Nb6 axb3 31. Nxa8 Ra7 32. Nb6 bxa2 33. Kd2 Rb7 34. Nc4 Nd4 35. Na5 Rb2+ 36. Kd1 Rb1 37. e3 a1=Q 38. exd4 Rxc1+ 0-1


[Site "https://www.chess.com"]

[Event "Titled Tuesday Blitz December 06 Late 2022"]
[White "Abasov, Nijat"]
[Black "Martinez Alcantara, Jose Eduardo"]
[WhiteFideId "13402960"]
[BlackFideId "3805662"]
[WhiteElo "2546"]
[BlackElo "2707"]
[Result "1-0"]
[Round "06"]
[TimeControl "180+1"]
[Date "2022.12.06"]
[WhiteClock "0:00:09"]
[BlackClock "0:00:06"]

1. d4 Nf6 2. Nf3 e6 3. Bf4 b6 4. e3 Bb7 5. Bd3 Be7 6. h3 c5 7. O-O O-O 8. c3 cxd4 9. exd4 d6 10. Re1 Nbd7 11. Nbd2 Qc7 12. a4 a6 13. Bh2 h6 14. Qe2 Rfe8 15. c4 Bf8 16. b3 Rad8 17. Ne4 Nxe4 18. Bxe4 Nf6 19. Bxb7 Qxb7 20. Rac1 d5 21. Qb2 Rc8 22. Rc2 Red8 23. Rec1 Ne4 24. cxd5 Rxc2 25. Qxc2 Qxd5 26. Qc6 b5 27. Qxd5 Rxd5 28. Rc8 f6 29. Bc7 bxa4 30. bxa4 Rd7 31. Bb6 Kf7 32. Ra8 Rd6 33. Rxa6 Rc6 34. Kf1 Rc2 35. d5 exd5 36. Bd4 Bc5 37. Rc6 Rc4 38. Bxc5 Nxc5 39. a5 Nd7 40. Rxc4 dxc4 41. Ke2 Nc5 42. Nd4 Ke7 43. Ke3 Kd7 44. Nf5 Ke6 45. Nxg7+ Kd5 46. Nh5 Ke5 47. f4+ Ke6 48. g4 c3 49. Ng3 Nb3 50. a6 c2 51. Ne2 Na5 52. a7 Nc4+ 53. Kd3 Nb6 54. Kxc2 Kd5 55. Kd3 Kc6 56. Ke4 Kb7 57. Kf5 Nd5 58. Ke6 1-0


[Site "https://www.chess.com"]

[Event "Titled Tuesday Blitz December 06 Late 2022"]
[White "Adewumi, Tanitoluwa"]
[Black "Quinones Garcia, Santiago"]
[WhiteFideId "30966396"]
[BlackFideId "4408497"]
[WhiteElo "2516"]
[BlackElo "2249"]
[Result "1-0"]
[Round "06"]
[TimeControl "180+1"]
[Date "2022.12.07"]
[WhiteClock "0:00:05"]
[BlackClock "0:00:39"]

1. e4 c5 2. Nf3 g6 3. c3 Nc6 4. d4 cxd4 5. cxd4 d5 6. exd5 Qxd5 7. Nc3 Qa5 8. Bd2 Bg7 9. d5 Nb8 10. Rc1 Qd8 11. Nb5 Na6 12. Bc3 Nf6 13. Bc4 O-O 14. O-O Bg4 15. h3 Bxf3 16. Qxf3 Rc8 17. b3 Nc7 18. Nxc7 Rxc7 19. Rfd1 Qc8 20. d6 exd6 21. Bxf6 b5 22. Bxg7 Kxg7 23. Rxd6 bxc4 24. Qc3+ Kg8 25. bxc4 Re8 26. Rcd1 Rxc4 27. Qf6 Rc1 28. Kh2 Rxd1 29. Rxd1 Qc7+ 30. f4 Qc2 31. Rd7 Qxa2 32. h4 Ra8 33. h5 Qe6 34. Qd4 gxh5 35. Rd5 h6 36. Rxh5 a5 37. Rh3 a4 38. Rg3+ Kf8 39. Qh8+ Ke7 40. Qxa8 Qf5 41. Qxa4 Qh5+ 42. Rh3 Qf5 43. Qd4 h5 44. Qe5+ Qxe5 45. fxe5 Ke6 46. Rxh5 1-0


[Site "https://www.chess.com"]

[Event "Titled Tuesday Blitz December 06 Late 2022"]
[White "Aldokhin, Ivan"]
[Black "Karas, Marek"]
[WhiteFideId "24115720"]
[BlackFideId "14928558"]
[WhiteElo "2313"]
[BlackElo "2247"]
[Result "1-0"]
[Round "06"]
[TimeControl "180+1"]
[Date "2022.12.07"]
[WhiteClock "0:01:07"]
[BlackClock "0:00:49"]

1. e4 c6 2. Nc3 d5 3. d4 dxe4 4. Nxe4 Nf6 5. Nxf6+ exf6 6. Nf3 Bd6 7. Bc4 O-O 8. O-O Bg4 9. h3 Bh5 10. g4 Bg6 11. Nh4 Nd7 12. Bb3 f5 13. Nxf5 Bxf5 14. gxf5 Qf6 15. Qg4 Bc7 16. Bd2 Qd6 17. Rfe1 Nf6 18. Qf3 Qxd4 19. Bc3 Qf4 20. Qxf4 Bxf4 21. Bxf6 gxf6 22. Re7 b5 23. Rd1 Rad8 24. Rxd8 Rxd8 25. Rxf7 a5 26. Rd7+ 1-0


[Site "https://www.chess.com"]